 Dungeon Crawl Stone Soup version 0.27.1-3-gb3d3a73c9e (webtiles) character file.

Game seed: 1697067021080804267

28284 TheGamechu the Grappler (level 13, -10/115 HPs)
             Began as a Troll Fighter on Oct 20, 2021.
             Was the Champion of Hepliaklqana.
             Mangled by a spriggan rider (39 damage)
             ... on level 4 of the Lair of Beasts.
             The game lasted 00:52:01 (13106 turns).

TheGamechu the Grappler (Troll Fighter)            Turns: 13106, Time: 00:52:02

Health: -10/115    AC: 13    Str: 27    XL:     13   Next: 8%
Magic:  0/16       EV: 11    Int:  4    God:    Hepliaklqana [******]
Gold:   2266       SH: 13    Dex: 19    Spells: 12/12 levels left

rFire    . . .     SeeInvis +     - Unarmed
rCold    + + +     Faith    .   b - +1 kite shield
rNeg     . . .     Spirit   +   M - +4 skin of Zhor {*Englaciate rC+++ SInv}
rPois    +         Reflect  .   L - +2 hat
rElec    .         Harm     .   j - +2 cloak {Stlth+}
rCorr    .         Rampage  .   (gloves unavailable)
Will     .....                  (boots unavailable)
Stlth    +++.......             y - amulet of guardian spirit
HPRegen  1.29/turn              G - ring of poison resistance
MPRegen  0.15/turn              v - +6 ring of dexterity

@: studying Shields
A: reduced essence, large, unfitting armour, claws 3, regeneration 1, shaggy fur
1, tough skin 1
a: Renounce Religion, Recall Ancestor, Ancestor Identity, Transference, Idealise


You were on level 4 of the Lair of Beasts.
You worshipped Hepliaklqana.
Hepliaklqana was exalted by your worship.
You visited 4 branches of the dungeon, and saw 18 of its levels.
You also visited: Ossuary.

You collected 2365 gold pieces.
You spent 99 gold pieces at shops.

Inventory:

Missiles
 d - 18 boomerangs (quivered)
 g - 266 stones
 p - 51 poisoned darts
 C - 3 curare-tipped darts
Armour
 b - a +1 kite shield (worn)
 j - a +2 cloak of stealth (worn)
 z - a scarf of resistance
 B - a +2 robe of fire resistance
 L - a +2 hat (worn)
 M - the +4 skin of Zhor (worn) {*Englaciate rC+++ SInv}
   (You found it on level 2 of the Lair of Beasts)

   It radiates cold, occasionally slowing all nearby creatures who are not
   resistant to cold.
   rC:        It renders you almost immune to cold.
   SInv:      It lets you see invisible.
Jewellery
 e - a ring of protection from fire
 v - a +6 ring of dexterity (right claw)
 y - an amulet of guardian spirit (around neck)
 A - a ring of flight
 G - a ring of poison resistance (left claw)
Wands
 n - a wand of paralysis (37)
 s - a wand of mindburst (21)
 D - a wand of iceblast (9)
 H - a wand of flame (10)
 K - a wand of acid (5)
Scrolls
 a - 2 scrolls of amnesia
 f - 8 scrolls of teleportation
 t - 4 scrolls of enchant armour
 E - 2 scrolls of magic mapping
 F - a scroll of fog
 J - 6 scrolls of identify
Potions
 c - 4 potions of might
 h - 2 potions of mutation
 i - 9 potions of heal wounds
 l - 2 potions of ambrosia
 m - 8 potions of curing
 o - 3 potions of magic
 q - 3 potions of lignification
 r - a potion of haste
 u - 2 potions of flight
 x - 3 potions of berserk rage
 I - a potion of cancellation {unknown}
Miscellaneous
 w - a phial of floods


   Skills:
 + Level 8.5 Fighting
 + Level 8.8 Throwing
 + Level 3.6 Armour
 - Level 2.4 Dodging
 - Level 9.0 Shields
 + Level 13.9 Unarmed Combat
 - Level 6.0 Invocations


You had 12 spell levels left.
You didn't know any spells.
Your spell library contained the following spells:

 Spells                   Type           Power      Damage    Failure   Level
 Animate Skeleton         Necr           0%         N/A       50%         1
 Foxfire                  Conj/Fire      0%         2x1d4     50%         1
 Magic Dart               Conj           0%         1d3       50%         1
 Pain                     Necr           0%         1d4       50%         1
 Sting                    Tmut/Pois      0%         1d3       50%         1
 Blink                    Tloc           N/A        N/A       65%         2
 Poisonous Vapours        Pois/Air       0%         N/A       65%         2
 Conjure Flame            Conj/Fire      0%         6-21      86%         3
 Inner Flame              Hex/Fire       0%         N/A       86%         3
 Lesser Beckoning         Tloc           0%         N/A       86%         3
 Stone Arrow              Conj/Erth      0%         3d7       86%         3
 Vampiric Draining        Necr           0%         2d6       86%         3
 Animate Armour           Summ/Erth      0%         N/A       99%         4
 Cause Fear               Hex            0%         N/A       99%         4
 Olgreb's Toxic Radiance  Pois           0%         N/A       99%         4
 Alistair's Intoxication  Tmut/Pois      0%         N/A       100%        5
 Bolt of Magma            Conj/Fire/Erth 0%         4d4       100%        5
 Borgnjor's Vile Clutch   Necr/Erth      0%         N/A       100%        5
 Freezing Cloud           Conj/Ice/Air   0%         6-21      100%        5
 Manifold Assault         Tloc           0%         N/A       100%        5
 Eringya's Noxious Bog    Tmut/Pois      0%         N/A       100%        6
 Simulacrum               Ice/Necr       0%         N/A       100%        6
 Storm Form               Tmut/Air       0%         N/A       100%        7
 Discord                  Hex            0%         N/A       100%        8
 Lehudib's Crystal Spear  Conj/Erth      0%         10d2      100%        8
 Polar Vortex             Ice            0%         N/A       100%        9
 Shatter                  Erth           0%         3d5*      100%        9


Dungeon Overview and Level Annotations

Branches:
Dungeon (11/15)            Temple (1/1) D:4            Lair (4/6) D:11
  Swamp (0/4) Lair:2        Snake (0/4) Lair:3          Orc (2/2) D:11
    Elf (0/3) Orc:2       Ossuary (visited)

Altars:
Ashenzari
Cheibriados
Dithmenos
Elyvilon
Fedhas
Gozag
Hepliaklqana
Kikubaaqudgha
Makhleb
Nemelex Xobeh
Okawaru
Qazlal
Ru
Sif Muna
Trog
Uskayaw
Vehumet
Wu Jian
Xom
Yredelemnul
Zin
The Shining One
Lugonu

Shops:
D:11 ?[[:*   Orc:2 (

Portals:
Abyss: D:10

Annotations:
Lair:4 1 transporter, FallenXxXSky's ghost, journeyman DrWn


Innate Abilities, Weirdness & Mutations

Your life essence is reduced to manifest your ancestor. (-10% HP)
You are too large for most types of armour.
You have claws for hands.
Your natural rate of healing is unusually fast.
You are covered in fur. (AC +1)
You have tough skin. (AC +1)


Message History

You throw a javelin.
The javelin barely misses the moth of wrath.
You hear a sizzling splash.
The moth of wrath is no longer moving slowly.
The spriggan rider hits you but does no damage.
You mangle the moth of wrath!!
The moth of wrath is severely wounded.
The spriggan rider closely misses you. The moth of wrath bites you!
The spriggan rider barely misses you.
You scratch the moth of wrath.
The moth of wrath is almost dead.
You block the spriggan rider's attack. The spriggan rider barely misses you.
The moth of wrath bites you. You block the spriggan rider's attack.
You claw the moth of wrath!
You kill the moth of wrath!
The spriggan is no longer moving slowly.
You block the spriggan rider's attack. The spriggan rider misses you.
Aiming: Iceblast
Press: ? - help, Shift-Dir - straight line, f - spriggan rider
Aim: a spriggan rider, wielding a +2 antimagic trident and wearing the +1 chain mail of Elitism {Dex+7} (berserk)
The mass of ice explodes!
The iceblast engulfs the spriggan rider!
The spriggan rider is lightly wounded.
The iceblast engulfs the spriggan!
You kill the spriggan!
The iceblast engulfs the spriggan rider!
The spriggan rider is moderately wounded.
The iceblast engulfs FallenXxXSky's ghost!
FallenXxXSky's ghost partially resists.
FallenXxXSky's ghost is lightly damaged.
You block the spriggan rider's attack.
The spriggan rider hits you from afar with a +2 antimagic trident!!
You feel your power leaking away.
FallenXxXSky's ghost screams, "Don't try to defend!
You have no chance!"
You radiate an aura of cold.
The spriggan rider seems to slow down.
FallenXxXSky's ghost is unaffected.
The spriggan rider seems to slow down.
The spriggan rider hits you from afar with a +2 antimagic demon trident!
* * * LOW HITPOINT WARNING * * *
The spriggan rider hits you from afar with a +2 antimagic trident!!!
You die...

..#......##.......#......#P...##.
..#......R#..............##...P..
..##.....#.........#####.........
#.##......#.P.#..###.©.###.....#.
............#.#.##...##.###.####.
................#..).# #..#..#...
...............##...†#≈#..##.....
...............#.)iiW.[....#.....
..............©#@.i#§_(....#©....
..........#....#.##§..[#§..#..#P.
...........#+..##.###.#≈#.##.###.
...###....##....##..#.#####..# #.
...# #....#.....##..i...###.####.
...# #....#......###...###..# #..
...# #.....#.......#####...## ##.
...###....##...........÷...P# #.
..........###...##.P......######.


You could see 2 spriggan riders, a spriggan (drained) and FallenXxXSky's ghost.

Vanquished Creatures
  3 hydras
  A spriggan berserker (Lair:4)
  2 bog bodies (Lair:2)
  Pikel (D:8)
  An orc sorcerer (Orc:2)
  An oklob plant (Lair:2)
  A manticore (D:11)
  An ugly thing (D:7)
  Maurice (D:11)
  A black mamba (Lair:4)
  2 moths of wrath (Lair:4)
  Joseph (Lair:1)
  A torpor snail (Lair:2)
  6 cane toads
  A kobold demonologist (D:10)
  A rime drake (Lair:2)
  4 komodo dragons
  5 trolls
  A hornet (Lair:4)
  Prince Ribbit (D:7)
  2 meliai zombies
  9 blink frogs
  A shadow (D:10)
  2 spriggans (Lair:4)
  3 wyverns
  2 wraiths (D:10)
  13 yaks
  3 vampire mosquitoes (D:11)
  A swamp worm (Lair:2)
  4 nagas (Lair:3)
  A warg (Orc:2)
  6 water moccasins
  3 orc warriors
  Purgy (D:3)
  A sky beast (D:7)
  An ice beast (D:5)
  3 black bears
  2 ogres (D:6)
  4 wolves (Lair:2)
  4 centaurs
  A phantom (D:4)
  5 bullfrogs
  5 kobold brigands
  A gnoll sergeant (D:11)
  A scorpion (D:5)
  9 killer bees
  A water moccasin skeleton (D:4)
  4 wights (D:8)
  A howler monkey (D:6)
  An electric eel (Lair:2)
  8 centaur zombies
  3 jellies (Lair:2)
  A centaur skeleton (D:5)
  7 orc priests
  4 hounds
  Jessica (D:3)
  Terence (D:3)
  4 iguanas
  13 orc wizards
  A hound zombie (D:5)
  3 hound skeletons
  8 mummies (Ossuary)
  A howler monkey zombie (D:5)
  Robin (D:2)
  A howler monkey skeleton (D:7)
  4 gnolls (D:11)
  5 adders
  2 white imps
  2 ufetubi
  A worm (D:3)
  An adder skeleton (D:4)
  2 dart slugs
  18 orcs
  17 endoplasms
  4 giant cockroaches
  3 gnoll zombies (Ossuary)
  14 goblins
  6 hobgoblins
  2 quokkas
  6 ball pythons
  6 bats
  6 frilled lizards
  20 kobolds
  A kobold zombie (Ossuary)
  2 orc zombies (Ossuary)
  A rat (D:1)
  A lurking horror (D:10)
312 creatures vanquished.

Vanquished Creatures (collateral kills)
  Erolcha (D:11)
  A hydra (Lair:3)
  A centaur zombie (D:11)
  A kobold demonologist (D:10)
  A troll (D:10)
  A polar bear (Lair:3)
  4 blink frogs
  Sigmund (D:3)
  A yak (D:10)
  A steam dragon (D:8)
  An orc warrior (D:9)
  An ogre (D:4)
  A kobold brigand (D:7)
  A bullfrog (Lair:3)
  A killer bee (D:4)
  A wight (D:8)
  A crimson imp (D:5)
  A jelly (Lair:2)
  An iguana (D:4)
  2 orc wizards
  2 adders
  A gnoll (D:11)
  3 orcs
  A gnoll zombie (Ossuary)
  2 kobolds (D:10)
  A quokka (D:3)
  An orc zombie (Ossuary)
35 creatures vanquished.

Vanquished Creatures (others)
  7 hexers
  An orc (D:9)
  3 goblins (D:2)
  24 fungi
  A lurking horror (D:10)
  28 plants
64 creatures vanquished.

Grand Total: 411 creatures vanquished

Notes
Turn   | Place    | Note
-------+----------+-------------------------------------------
     0 | D:1      | TheGamechu the Troll Fighter began the quest for the Orb.
     0 | D:1      | Reached XP level 1. HP: 22/22 MP: 0/0
    76 | D:1      | Reached XP level 2. HP: 29/29 MP: 1/1
   503 | D:2      | Noticed Robin
   540 | D:2      | Killed Robin
   541 | D:2      | Reached skill level 3 in Unarmed Combat
   541 | D:2      | Reached XP level 3. HP: 36/36 MP: 2/2
   871 | D:2      | Found a faded altar of an unknown god.
   897 | D:2      | Became a worshipper of Hepliaklqana the Forgotten
   897 | D:2      | Reached * piety under Hepliaklqana
  1341 | D:3      | Reached XP level 4. HP: 39/39 MP: 3/3
  1344 | D:3      | Noticed Terence
  1349 | D:3      | Killed Terence
  1350 | D:3      | Reached skill level 4 in Unarmed Combat
  1372 | D:3      | Noticed Jessica
  1374 | D:3      | Noticed Sigmund
  1375 | D:3      | Killed Jessica
  1391 | D:3      | Killed Sigmund
  1392 | D:3      | Reached skill level 6 in Unarmed Combat
  1392 | D:3      | Reached XP level 5. HP: 45/45 MP: 4/4
  1392 | D:3      | Reached XP level 6. HP: 53/53 MP: 5/5
  1471 | D:3      | Noticed a water elemental
  1474 | D:3      | Found a stormy altar of Qazlal.
  1477 | D:3      | Noticed a fire elemental
  1477 | D:3      | Noticed an air elemental
  1637 | D:3      | Noticed Purgy
  1643 | D:3      | Killed Purgy
  1792 | D:3      | Found a glowing golden altar of the Shining One.
  1872 | D:4      | Found a staircase to the Ecumenical Temple.
  1903 | Temple   | Entered the Ecumenical Temple
  2056 | D:4      | Identified the +6 dagger of Veod Ily {antimagic, Dex+2}
  2075 | D:4      | Reached skill level 7 in Unarmed Combat
  2257 | D:4      | Found an ornate altar of the Wu Jian Council.
  2257 | D:4      | Found a burning altar of Makhleb.
  2261 | D:4      | Reached ** piety under Hepliaklqana
  2262 | D:4      | Remembered your ancestor Bolek as a hexer
  2281 | D:4      | Reached XP level 7. HP: 41/59 MP: 6/6
  2429 | D:4      | Reached skill level 8 in Unarmed Combat
  2867 | D:4      | Found a radiant altar of Vehumet.
  2877 | D:4      | Reached skill level 9 in Unarmed Combat
  2884 | D:4      | Got Vehumet's Disquisition on Blows and Bruises
  2890 | D:4      | Found an ancient bone altar of Kikubaaqudgha.
  2899 | D:4      | Found a shimmering blue altar of Sif Muna.
  2902 | D:4      | Reached XP level 8. HP: 66/66 MP: 7/7
  2962 | D:5      | Entered Level 5 of the Dungeon
  3379 | D:5      | Reached skill level 10 in Unarmed Combat
  3748 | D:5      | Reached skill level 1 in Throwing
  3748 | D:5      | Reached skill level 11 in Unarmed Combat
  3912 | D:6      | Reached *** piety under Hepliaklqana
  3974 | D:6      | Reached XP level 9. HP: 72/72 MP: 8/8
  4013 | D:6      | Found a sand-covered staircase.
  4075 | Ossuary  | Entered an ossuary
  4244 | Ossuary  | Identified a scroll of acquirement
  4244 | Ossuary  | Acquired a +2 cloak of stealth
  4527 | D:7      | Reached skill level 5 in Shields
  4747 | D:7      | Identified the ring "Ezo Hudue" {Ice Str+2}
  4865 | D:7      | Noticed a white ugly thing
  4898 | D:7      | Killed a white ugly thing
  5064 | D:7      | Noticed Prince Ribbit
  5075 | D:7      | Killed Prince Ribbit
  5180 | D:7      | Reached **** piety under Hepliaklqana
  5238 | D:8      | Noticed Pikel
  5249 | D:8      | Killed Pikel
  5250 | D:8      | Reached XP level 10. HP: 51/83 MP: 9/9
  6631 | D:10     | Entered Level 10 of the Dungeon
  6675 | D:10     | Reached ***** piety under Hepliaklqana
  6794 | D:10     | Reached skill level 5 in Fighting
  6966 | D:10     | Reached skill level 1 in Invocations
  7021 | D:10     | Found a one-way gate to the infinite horrors of the Abyss.
  7022 | D:10     | Found a corrupted altar of Lugonu.
  7067 | D:10     | Reached skill level 12 in Unarmed Combat
  7145 | D:10     | Noticed a rust devil
  7159 | D:10     | Noticed a sixfirhy
  7160 | D:10     | Reached skill level 5 in Throwing
  7241 | D:10     | Reached XP level 11. HP: 85/94 MP: 11/11
  7536 | D:11     | Found a staircase to the Lair.
  7554 | D:11     | Found Fizupell's Book Emporium.
  7569 | D:11     | Found a staircase to the Orcish Mines.
  7687 | D:11     | Found Rumuuhiaczo's Armour Emporium.
  7794 | D:11     | Found Ebe Det's Magic Scroll Shoppe.
  7799 | D:11     | Bought a scroll of magic mapping for 63 gold pieces
  7799 | D:11     | Bought a scroll of fog for 36 gold pieces
  7800 | D:11     | Found Henler's Antique Armour Boutique.
  7802 | D:11     | Noticed Erolcha
  7809 | D:11     | Killed Erolcha
  7901 | D:11     | Noticed Maurice
  7909 | D:11     | Killed Maurice
  7975 | D:11     | Found a radiant altar of Vehumet.
  8058 | D:11     | Noticed a five-headed hydra
  8215 | D:11     | Found Rabromue's General Store.
  8589 | Orc:1    | Entered Level 1 of the Orcish Mines
  8678 | Orc:2    | Entered Level 2 of the Orcish Mines
  8678 | Orc:2    | Found a staircase to the Elven Halls.
  8847 | Orc:2    | Found Popovis's Weapon Boutique.
  8882 | Orc:2    | Noticed an orc sorcerer
  8883 | Orc:2    | Noticed an orc warlord
  8895 | Orc:2    | Killed an orc sorcerer
  9185 | Lair:1   | Entered Level 1 of the Lair of Beasts
  9302 | Lair:1   | Reached skill level 5 in Invocations
  9473 | Lair:1   | Noticed Joseph
  9485 | Lair:1   | Killed Joseph
  9486 | Lair:1   | Reached skill level 13 in Unarmed Combat
  9643 | Lair:1   | Identified the +8 quarterstaff of Naefuom {protect, *Noise
                  | rF+ Dex+3}
 10224 | Lair:2   | Reached ****** piety under Hepliaklqana
 10253 | Lair:2   | Noticed a six-headed hydra
 10257 | Lair:2   | Killed a six-headed hydra
 10258 | Lair:2   | Reached XP level 12. HP: 60/106 MP: 14/14
 10311 | Lair:2   | Noticed a six-headed hydra
 10319 | Lair:2   | Killed a six-headed hydra
 10608 | Lair:2   | Found the +4 skin of Zhor {*Englaciate rC+++ SInv}
 11259 | Lair:2   | Reached skill level 1 in Armour
 11277 | Lair:2   | Found a staircase to the Swamp.
 11544 | Lair:3   | Noticed an eight-headed hydra
 11549 | Lair:3   | Killed an eight-headed hydra
 11663 | Lair:3   | Noticed a four-headed hydra
 11679 | Lair:3   | Killed a five-headed hydra
 11800 | Lair:3   | Acquired 805 gold pieces
 11902 | Lair:3   | Found a staircase to the Snake Pit.
 12542 | Lair:4   | Found a transporter.
 12560 | Lair:4   | Found a transporter.
 12651 | Lair:4   | Found a bloodstained altar of Trog.
 12651 | Lair:4   | Noticed FallenXxXSky's ghost (journeyman DrWn)
 12651 | Lair:4   | Identified the +1 chain mail of Elitism {Dex+7}
 12788 | Lair:4   | Reached XP level 13. HP: 115/115 MP: 16/16
 13106 | Lair:4   | Mangled by a spriggan rider

Illustrated notes

Levels and vault maps discovered:
D:1:      psy_arrival_fountain, layout_rooms
D:2:      layout_loops_ring, serial_bayou, serial_bayou_ford_a,
          serial_bayou_pond_d, serial_bayou_lagoon_a, serial_bayou_crossing,
          serial_bayou_pond_b, serial_bayou_pond_c,
          shapermc_ecumenical_altar_gd, lemuel_old_faithful, uniq_robin
D:3:      layout_rooms, nicolae_qazlal_style_of_elements,
          mainiacjoe_overflow_small_starburst, uniq_sigmund, uniq_terence,
          uniq_jessica, uniq_purgy
D:4:      layout_gridville, palyth_temple_overflow_mages,
          mainiacjoe_overflow_large_starburst, minmay_temple_entry_large_hall,
          chequers_hall_statues_corner_a, minmay_manual_maat
D:5:      layout_basic, minmay_crystal_water, minmay_fire_ice_demons
D:6:      layout_rooms, nicolae_ossuary_entry_false_entrances
D:7:      layout_basic, uniq_prince_ribbit1
D:8:      layout_cave_pods, nrook_campfire, uniq_pikel
D:9:      layout_irregular_city
D:10:     layout_cave_pods, serial_park_tiny_1, amcnicky_altar_lugonu_corruption
D:11:     layout_stronghold, lair_entry_dummy, orc_0_dummy, serial_shops,
          nicolae_stop_n_shop_1, nicolae_shop_stone, shop, shop,
          nicolae_stop_n_shop_2, vehumet_altar_wand_db, uniq_erolcha,
          uniq_maurice
Temple:   regret_index_temple_waves
Lair:1:   layout_small_grid, grunt_megastairs_5, infiniplex_staircase_pool_2,
          uniq_joseph
Lair:2:   lemuel_slime, layout_cave_pods, nicolae_swamp_entry_splash_gauntlet,
          chequers_serial_rivers_small_b, chequers_serial_rivers_marsh,
          hellmonk_guarded_unrand_zhor, lemuel_fruit_fields
Lair:3:   layout_loops_ring, minmay_snake_entry_guardpost_medium,
          serial_bayou_shore_b
Lair:4:   layout_regular_city, gammafunk_ghost_wrathful_warriors
Orc:1:    layout_diamond_mine, basic_altar, gammafunk_ghost_grave
Orc:2:    st_orc_pillars, layout_diamond_mine, serial_shops,
          nicolae_shop_crystal

Skill      XL: |  1  2  3  4  5  6  7  8  9 10 11 12 |
---------------+-------------------------------------+-----
Shields        | 3 4 7 9 |  9.0
Unarmed Combat | 3 6 7 9 11 12 13 | 13.9
Throwing       | 1 3 5 7 8 |  8.8
Fighting       | 4 5 7 8 |  8.5
Invocations    | 2 5 6 |  6.0
Armour         | 3 |  3.6
Dodging        | |  2.4

Action                   |  1- 3 |  4- 6 |  7- 9 | 10-12 | 13-15 || total
-------------------------+-------+-------+-------+-------+-------++-------
Melee: Unarmed           |   117 |    74 |   222 |   511 |    20 ||   944
Throw: Stone             |     1 |     1 |     2 |       |       ||     4
       Javelin           |       |       |     6 |    25 |     3 ||    34
       Boomerang         |       |       |     3 |    18 |       ||    21
       Dart              |       |       |       |     6 |       ||     6
       Throwing net      |       |       |       |     1 |       ||     1
Invok: Ancestor Identity |     1 |       |       |       |       ||     1
       Ancestor Life: He |       |     1 |       |       |       ||     1
       Idealise          |       |       |       |     1 |       ||     1
Evoke: Wand              |       |       |       |     7 |     1 ||     8
  Use: Scroll            |       |    10 |     6 |    10 |       ||    26
 Stab: Distracted        |       |     1 |     3 |    10 |       ||    14
       Confused          |       |     1 |       |     7 |     1 ||     9
       Sleeping          |       |       |     1 |    11 |       ||    12
       Held in net/web   |       |       |       |     2 |       ||     2
Armor: Robe              |    34 |    19 |    46 |    82 |       ||   181
       Animal skin       |       |       |       |    27 |     4 ||    31
Dodge: Dodged            |    44 |    25 |    52 |   160 |     7 ||   288
Block: Kite shield       |    56 |    30 |    84 |   261 |    10 ||   441
